Cogmind - Beta 14 @@@ ROGUE MODE // 2025.03.29 @ 18:10:26 Player: CanadianCogs Result: Destroyed by S-10 Pest with Light Assault Rifle Performance ------------- Evolutions (0) 0 Regions Visited (1) 200 Robots Destroyed (2) 10 Value Destroyed (17) 17 Prototype IDs (0) 0 Alien Tech Used (0) 0 Bonus (0) 0 TOTAL SCORE: 227 Bonus ------- None Cogmind --------- Core Integrity 0/250 Matter 300/300 Energy 98/100 System Corruption 0% Temperature Cool (0) Movement Core (50) Location -10/Materials Parts ------- > --- POWER (1) -------- (None) > --- PROPULSION (2) --- (None) > --- UTILITY (2) ------ (None) > --- WEAPON (2) ------- (None) > --- INVENTORY (5) ---- (None) Peak State ------------ > --- POWER ------------ Light Ion Engine > --- PROPULSION ------- Compact Wheel Compact Wheel > --- UTILITY ---------- Small Storage Unit Seismic Detector > --- WEAPON ----------- Assault Rifle Assault Rifle > --- INVENTORY -------- (None) [Rating: 7] Favorites ----------- Power Light Ion Engine Engine Light Ion Engine Propulsion Compact Wheel Wheel Compact Wheel Utility Small Storage Unit Device Seismic Detector Storage Small Storage Unit Weapon Assault Rifle Ballistic Gun Assault Rifle Build | -11 -10 ------- Run | Yrd Mat Slots Evolved . | . . Power . | . . Propulsion . | . . Utility . | . . Weapon . | . . Parts Attached 7 | 7 . Power 1 | 1 . Engine 1 | 1 . Core . | . . Reactor . | . . Propulsion 2 | 2 . Treads . | . . Leg . | . . Wheel 2 | 2 . Hover . | . . Flight . | . . Utility 2 | 2 . Device 1 | 1 . Storage 1 | 1 . Processor . | . . Hackware . | . . Protection . | . . Artifact . | . . Weapon 2 | 2 . Energy Gun . | . . Energy Cannon . | . . Ballistic Gun 2 | 2 . Ballistic Cannon . | . . Launcher . | . . Special Weapon . | . . Impact Weapon . | . . Slashing Weapon . | . . Piercing Weapon . | . . Special Melee Weapon . | . . Unidentified Prototypes . | . . Parts Lost 1 | . 1 Power . | . . Propulsion 1 | . 1 Utility . | . . Weapon . | . . Highest Loss Streak 1 | . 1 To Critical Strikes . | . . Average Slot Usage (%) 90 | . 90 Engine 12 | . 12 Wheel 24 | . 24 Device 12 | . 12 Storage 12 | . 12 Ballistic Gun 25 | . 25 Peak Build Rating 7 | 7 7 Average Rating 6 | 5 6 On Entrance 3 | . 7 Naked Turns 28 | . 28 Heaviest Build 13 | 13 13 Greatest Support 32 | 32 32 Greatest Overweight (x) . | . . Average Overweight (x) . | . . Largest Inventory Capacity 8 | 8 8 Average Capacity 7 | 7 7 Most Carried 1 | 1 . Average Carried . | . . Final Capacity 8 | 8 5 Final Carried . | . . Class Distribution -------------------- 100% | Mutant Dominant Class ---------------- Mutant | -10/Materials Resources | -11 -10 ----------- Run | Yrd Mat Matter Collected 294 | 208 86 Remotely . | . . Salvage Created 35 | 20 15 Parts 8 | 5 3 Haulers Intercepted . | . . Recyclers Shooed 1 | 1 . Parts Field Recycled . | . . Retrieved Matter . | . . Parts Self-Destructed . | . . Prevented . | . . Kills | -11 -10 ------- Run | Yrd Mat Combat Hostiles Destroyed 1 | . 1 Guns 1 | . 1 Classes Destroyed 2 | 1 1 Tunneler 1 | 1 . Swarmer 1 | . 1 Best Kill Streak 1 | 1 1 Combat Bots Only 1 | . 1 Max Kills in Single Turn 1 | 1 1 Gunslinging . | . . Exploded . | . . Melee . | . . Uniques/NPCs Destroyed . | . . Combat | -11 -10 -------- Run | Yrd Mat Hostile Shots Fired 69 | . 69 Missed 23 | . 23 Damage Taken 511 | . 511 Core 253 | . 253 Absorbed by Shields . | . . Core Remaining (%) 100 | 100 . Volleys Fired 6 | 4 2 Largest 2 | 2 2 Hottest 40 | 40 40 Shots Fired 12 | 8 4 Gun 12 | 8 4 Cannon . | . . Launcher . | . . Special . | . . Kinetic 12 | 8 4 Thermal . | . . Explosive . | . . Electromagnetic . | . . Robot Hit Streak 5 | 5 1 Robot Miss Streak 2 | 1 2 Penetration Max . | . . Secondary Targets 1 | . 1 Max Gunslinging Chain 1 | . 1 Shots Hit Robots 8 | 7 1 Core Hits 4 | 2 2 Critical Kills . | . . Critical Parts Destroyed . | . . Critical Strikes . | . . Melee Attacks . | . . Impact . | . . Slashing . | . . Piercing . | . . Sneak Attacks . | . . Combat Hostiles . | . . Follow-up Attacks . | . . Damage Inflicted 119 | 91 28 Guns 101 | 91 10 Cannons . | . . Explosions . | . . Melee . | . . Ramming 18 | . 18 Kinetic 101 | 91 10 Thermal . | . . Explosive . | . . Electromagnetic . | . . Impact . | . . Slashing . | . . Piercing . | . . Highest Corruption . | . . Average Corruption . | . . Corruption Purged . | . . Corruption Blocked . | . . Overload Shots . | . . Overflow Damage . | . . Projectiles . | . . Explosions . | . . Melee . | . . Knockbacks . | . . Impact . | . . Kinetic . | . . Secondary . | . . Self-Inflicted Damage 8 | . 8 Shots . | . . Rammed 5 | . 5 Targets Rammed 5 | . 5 Kicked . | . . Crushed . | . . Highest Temperature 6 | 6 . Average Temperature 6 | 6 . Received Heat Transfer 237 | . 237 Siege Activations . | . . Robots Corrupted . | . . Combat Hostiles . | . . Parts Fried . | . . Impact Corruptions . | . . Robots Melted . | . . Combat Hostiles . | . . Parts Melted . | . . Heat Transferred . | . . Parts Sabotaged . | . . Parts Stolen . | . . Parts Stripped . | . . Power Chain Reactions . | . . Alert | -11 -10 ------- Run | Yrd Mat Peak Influence 163 | 5 163 Initial 3 | . 3 Average 50 | 2 60 Maximum Alert Level . | . . Low Security (%) 100 | 100 100 Level 1 . | . . Level 2 . | . . Level 3 . | . . Level 4 . | . . Level 5 . | . . High Security . | . . Max Security . | . . Squads Dispatched 2 | . 2 Investigation 1 | . 1 Extermination . | . . Reinforcement 1 | . 1 Assault . | . . Garrison . | . . Intercept . | . . Searches Triggered . | . . Construction Impeded . | . . Haulers Reinforced . | . . Active Scanning Responses . | . . Cargo Convoy Interrupts . | . . Stealth | -11 -10 --------- Run | Yrd Mat Distress Signals 1 | . 1 Communications Jammed . | . . Distress Signals . | . . Times Spotted 16 | . 16 Peak Tracking Total 11 | . 11 Tactical Retreats 2 | . 2 Traps | -11 -10 ------- Run | Yrd Mat Traps Triggered . | . . Indirectly . | . . Trap Hack Attempts . | . . Triggered . | . . Disarmed . | . . Reprogrammed . | . . Reused . | . . Traps Extracted . | . . Installed . | . . Triggered . | . . Machines | -11 -10 ---------- Run | Yrd Mat Machines Disabled . | . . Max in Single Turn . | . . Machines Repaired . | . . Machines Dismantled . | . . Machines Sabotaged . | . . Overloaded Fab Kills . | . . Hacking | -11 -10 --------- Run | Yrd Mat Machines Accessed 5 | . 5 Terminals 5 | . 5 Fabricators . | . . Repair Stations . | . . Recycling Units . | . . Scanalyzers . | . . Garrison Access . | . . Total Hacks 20 | . 20 Successful 9 | . 9 Failed 10 | . 10 Catastrophic 1 | . 1 Database Lockouts 1 | . 1 Manual 14 | . 14 Terminals 20 | . 20 Fabricators . | . . Repair Stations . | . . Recycling Units . | . . Scanalyzers . | . . Garrison Access . | . . Terminal Hacks 5 | . 5 Robot Analysis 1 | . 1 Branch Access Points 1 | . 1 Locate Traps 1 | . 1 Zone Layout 2 | . 2 Fabricator Hacks . | . . Repair Station Hacks . | . . Recycling Unit Hacks . | . . Scanalyzer . | . . Garrison Access Hacks . | . . Unauthorized Hacks 4 | . 4 Terminals 4 | . 4 Botnet 4 | . 4 Fabricators . | . . Repair Stations . | . . Recycling Units . | . . Scanalyzers . | . . Garrison Access . | . . Data Cores Recovered . | . . Used . | . . Hacking Detections 5 | . 5 Full Trace Events 4 | . 4 Feedback Events . | . . Feedback Blocked . | . . Robot Schematics Acquired . | . . Robots Built . | . . Authchips . | . . Time . | . . Total Robot Build Rating . | . . Part Schematics Acquired . | . . Parts Built . | . . Authchips . | . . Time . | . . Total Part Build Rating . | . . Parts Repaired . | . . Time . | . . Parts Recycled . | . . Recycled Matter . | . . Retrieved Matter . | . . Retrieved Components . | . . Parts Scanalyzed . | . . Part Schematics Acquired . | . . Parts Damaged . | . . Bothacking | -11 -10 ------------ Run | Yrd Mat Used RIF Installer . | . . Robots Hacked . | . . Non-combat . | . . Combat . | . . Robot Hacks Applied . | . . Relay Couplers Released . | . . Fabnet Peak Effective % . | . . Robots Rewired . | . . Allies Hacked . | . . Hacks Repelled . | . . Allies | -11 -10 -------- Run | Yrd Mat Total Allies . | . . Largest Group . | . . Highest-Rated Group . | . . Highest-Rated Ally . | . . Total Orders . | . . Ally Attacks . | . . Total Damage . | . . Kills . | . . Allies Corrupted . | . . Allies Melted . | . . Intel | -11 -10 ------- Run | Yrd Mat Robot Analysis Total 1 | . 1 Derelict Logs Recovered . | . . Drone Launches . | . . Drone Recoveries . | . . Exploration | -11 -10 ------------- Run | Yrd Mat Turns Passed 419 | 69 350 Spaces Moved 303 | 47 256 Core 50 | 2 48 Treads . | . . Legs . | . . Wheels 253 | 45 208 Hover . | . . Flight . | . . Fastest Speed 50 | 50 50 Average Speed 91 | 97 90 Slowest Speed 100 | 100 100 Overloaded Moves . | . . Propulsion Burnouts . | . . Robots Hopped . | . . Cave-ins Triggered . | . . Exploration Rate (%) 31 | 3 59 Regions Visited 1 Branch Regions . Pre-discovered Areas . | . . Known Exits Taken . | . . Unknown Exits Taken 1 | 1 . Scrap Searched . | . . Spaces Dug . | . . Terrain Destroyed . | . . Melee . | . . Projectile . | . . AOE . | . . Terrain Rammed . | . . Walls Destroyed . | . . Machines Disabled . | . . Actions | -11 -10 --------- Run | Yrd Mat Total 429 | 59 370 Wait 107 | . 107 Move 302 | 46 256 Hop . | . . Pick Up 2 | 2 . Fast Attach 5 | 5 . Attach 2 | 2 . Detach . | . . Swap . | . . Drop . | . . Fire 6 | 4 2 Melee . | . . Ram 5 | . 5 Kick . | . . Crush . | . . Escape Stasis . | . . Rewire . | . . Trap . | . . Miscellaneous . | . . Route ------- -11/Scrapyard -10/Materials (discovered 2 exits: [*Mat] / Min) History --------- Turn | Location | Event 5 | -11/Scrapyard | Discovered new exit (range 15) 70 | -11/Scrapyard | Entered Materials 203 | -10/Materials | Central database locked down 265 | -10/Materials | Identified exit to Mines 318 | -10/Materials | Build established: Mutant 361 | -10/Materials | Discovered new exit (range 15) 392 | -10/Materials | Released all parts (6) 404 | -10/Materials | Core integrity fell below 50% 414 | -10/Materials | Core integrity fell below 20% 420 | -10/Materials | Destroyed by S-10 Pest with Light Assault Rifle Last Messages --------------- Testing... Terminal linked with 3 systems. Awaiting botnet instructions. 00361_ ALERT: Suspicious activity at Terminal M004. Dispatching Investigation squad. 00364_ S-10 Pest destroyed. 00364_ Switching to secondary target: G-34 Mercenary. 00373_ Com. Wheel destroyed. 00385_ Slammed into T-07 Excavator. 00388_ T-07 Excavator destroyed. 00392_ Released Seismic Detector. 00392_ Released Lgt. Ion Engine. 00392_ Released Com. Wheel. 00392_ Released Assault Rifle. 00392_ Released Sml. Storage Unit. 00392_ Released Assault Rifle. 00396_ K-01 Serf collects debris. 00404_ K-01 Serf cleans the Terminal. 00409_ K-01 Serf cleans the Matter Filter. 00413_ Slammed into S-10 Pest. Map ----- +----------------------------------------------------+ | | | | | | | | | | | ??????????????????????????????????????????????? | | ######????????????????????????????????????????? | | #????????????????????????????????????????? | | #????????????????????????????????????????? | | #????????????????????????????????????????? | | ""#####????????????????????????????????????? | | Y"# #????????????????????????????????????? | | ""# < #########????????????????????????????? | | # # * #????????????????????????????? | | ##+### + #????????????????????????????? | | # #????????????????????????????? | | #########???????###??????????????????? | | # ???????????# ??????????????????? | | ##+## ## ???????????# ??????????????????? | | # ## """#???????# #?????????>????????? | | # ## """#???????# #??????????????????? | | * # ## """#???????+ u#??????????????????? | | ! # ## """#???????# #??????????????????? | | ! #!!!## """#???????# #??????????????????? | | #%==## #???????# #??????????????????? | | #[*[## #???????#@ #??????????????????? | | # ## ! #???????# #??????????????????? | | # #####+###???????# #??????????????????? | | ##### #??# #????????# #??????????????????? | | # #### #???###### #??????????????????? | | #^ #?? # #??????????????????? | | +^ ^^ #?? """# #??????????????????? | | #^ #? """#s #??????????????????? | | """ # ^ #? """#s #??????????????????? | | """ # || # #% #??????????????????? | | """ # | # ! #% #??????????????????? | | + + "T" # s#??????????????????? | | ##### # """ =# #??????????????????? | | ??#####+#### # # #??????????????????? | | ### # #?########gg#??????????????????? | | =# """"" # ####### ####???????????????? | | # """"" # ????????? | | # """"" # ???????? | | # """"" / ???????? | | # """"" # ####### ####### ##???????? | | # """"" # #?????###+###???????? #????????? | | # """"" # #??????????????????????????????? | | # # #??????????????????????????????? | | ########## #??????????????????????????????? | | ###????????# ???????????????????????????????? | +----------------------------------------------------+ Best States ------------- Heat Dissipation 25 Energy Generation 10 Energy Capacity 125 Matter Stores 300 Matter Capacity 300 Sight Range 16 Terrain Scan Density 10 Evasion (%) 50 Item Schematics ----------------- None Robot Schematics ------------------ None Fabricated ------------ Nothing Alien Tech Used ----------------- None Achievements -------------- None Challenges ------------ None Game ------ Seed CouplerPotentialAmplifier Manual? 0 Play Time 00:08:22 Cumulative 63.9 hours Start 2025.03.29 @ 18:05:54 End 2025.03.29 @ 18:10:26 Sessions 1 Manual Loads 0 Difficulty Rogue Special Mode None Game No. 105 Rogue 105 Adventurer 0 Explorer 0 Win Type - Total 0 Types 0/0/0/0/0/0/0/0/0 Lore% 19 Gallery% 40 Achievement% 33 Wizard Run 0 Options --------- Layout 0 ASCII 0 Keyboard 0 Movement Mouse Keybinds 0 Fullscreen 2 Font 18/SmallcapsGlow Map View 38x25 Zoom Use 93% Tactical HUD 1 Map Filters NONE Filters NONE Steam 1 RUN: 33487464-531e-4ec9-8126-399db1f8727a